 Dungeon Crawl Stone Soup version 0.27-a0-695-gb4952372f7 (webtiles) character file.

Game seed: 10517133426217195649

93 acebull12 the Skirmisher (level 4, -11/29 HPs)
             Began as a Gargoyle Fighter on Mar 21, 2021.
             Killed by divine providence
             ... invoked by an orc priest
              (13 damage)
             ... on level 3 of the Dungeon.
             The game lasted 00:03:31 (2324 turns).

acebull12 the Skirmisher (Gargoyle Fighter)         Turns: 2324, Time: 00:03:31

Health: -11/29     AC: 10    Str: 20    XL:     4   Next: 61%
Magic:  4/4        EV:  7    Int:  9    God:
Gold:   120        SH:  9    Dex:  9    Spells: 3/3 levels left

rFire    . . .     SeeInvis .   a - +0 flail
rCold    . . .     Faith    .   c - +0 kite shield
rNeg     + . .     Spirit   .   b - +0 scale mail
rPois    ∞         Reflect  .   (no helmet)
rElec    +         Harm     .   (no cloak)
rCorr    .         Rampage  .   (no gloves)
Will     .....                  (no boots)
Stlth    ..........             (no amulet)
HPRegen  0.09/turn              (no ring)
MPRegen  0.09/turn              (no ring)

@: no status effects
A: AC +3, negative energy resistance 1, electricity resistance, torment
resistance 1, unbreathing 1, petrification resistance
a: no special abilities


You were on level 3 of the Dungeon.
You visited 1 branch of the dungeon, and saw 3 of its levels.

You collected 120 gold pieces.

Inventory:

Hand Weapons
 a - a +0 flail (weapon)
Armour
 b - a +0 scale mail (worn)
 c - a +0 kite shield (worn)
Scrolls
 e - a scroll of blinking {unknown}
 f - a scroll of holy word {unknown}
 h - a scroll of enchant weapon {unknown}
Potions
 d - a potion of might
 g - a potion of degeneration {unknown}


   Skills:
 * Level 4.2 Fighting
 * Level 2.7 Maces & Flails
 + Level 3.8 Armour
 + Level 0.6 Dodging
 * Level 3.8 Shields


You had 3 spell levels left.
You didn't know any spells.
Your spell library was empty.

Dungeon Overview and Level Annotations

Branches:
Dungeon (3/15)

Altars:
Ashenzari
Sif Muna


Innate Abilities, Weirdness & Mutations

Your stone body is resilient. (AC +3)
You are immune to poison.
You resist negative energy. (rN+)
You are resistant to electric shocks. (rElec)
You are resistant to unholy torment.
You can survive without breathing.
You are immune to petrification.


Message History

You kill the orc!
The orc hits you with a +0 flail.
You see here a +0 mace.
You barely miss the orc. The orc barely misses you.
The orc hits you with a +0 flail.
You closely miss the orc. The orc hits you with a +0 flail.
The frilled lizard hisses angrily.
You sock the orc!
You kill the orc!
The frilled lizard hisses.
The frilled lizard bites you but does no damage.
Things that are here:
a +0 flail; a +0 leather armour; an orc corpse The orc priest shouts!
You thump the frilled lizard!
You kill the frilled lizard!
You hear a shout!
You hit the orc priest.
The orc priest is lightly wounded.
You block the orc priest's attack.
You barely miss the orc priest.
The orc priest is lightly wounded.
You block the orc priest's attack.
The orc priest calls down the wrath of Beogh upon you.
Beogh smites you!
You closely miss the orc priest.
The orc priest is lightly wounded.
The orc priest invokes the aid of Beogh against you.
You barely resist. You hit the orc priest.
The orc priest is severely wounded.
The orc priest mumbles some strange prayers to Beogh against you.
Beogh smites you!
* * * LOW HITPOINT WARNING * * *
You closely miss the orc priest.
The orc priest is severely wounded.
The orc priest hits you but does no damage.
The orc priest invokes the aid of Beogh against you.
Beogh smites you!
You die...

#####.# #.#
.## #.# o.##
#.# ...# #.#
...>. #.#
###.......
#.#
<)ol.......
#.# ###......
#.#########.#
.....
#.oo@)......#
...#
#############
.## #


You could see an orc priest and an orc wizard.

Vanquished Creatures
  2 adders
  2 oozes
  A worm (D:3)
  5 leopard geckos
  2 orcs (D:3)
  4 giant cockroaches
  5 goblins
  7 hobgoblins
  4 jackals (D:2)
  2 quokkas
  10 bats
  2 frilled lizards
  A jackal skeleton (D:2)
  5 kobolds
  2 rats (D:1)
54 creatures vanquished.

Notes
Turn   | Place    | Note
-------+----------+-------------------------------------------
     0 | D:1      | acebull12 the Gargoyle Fighter began the quest for the Orb.
     0 | D:1      | Reached XP level 1. HP: 14/14 MP: 1/1
   314 | D:1      | Reached XP level 2. HP: 19/19 MP: 2/2
   620 | D:1      | Reached XP level 3. HP: 21/24 MP: 3/3
  1052 | D:1      | Reached skill level 4 in Fighting
  1285 | D:2      | Found a shimmering blue altar of Sif Muna.
  1401 | D:2      | Reached XP level 4. HP: 29/29 MP: 4/4
  1616 | D:2      | Found a broken altar of Ashenzari.
  2324 | D:3      | Killed from afar by an orc priest

Illustrated notes

Levels and vault maps discovered:
D:1:      dpeg_arrival_stone_temple_mockup, layout_basic,
          grunt_decor_mini_mirrors, chequers_serial_rivers_small_b
D:2:      layout_basic, lemuel_doored_altar, ashenzari_altar_1
D:3:      layout_loops_ring

Skill      XL: |  1  2  3 |
---------------+----------+-----
Fighting       | 4 |  4.2
Maces & Flails | |  2.7
Armour         | |  3.8
Dodging        | |  0.6
Shields        | |  3.8

Action                   |  1- 3 |  4- 6 || total
-------------------------+-------+-------++-------
Melee: Flail             |   110 |    99 ||   209
Armor: Scale mail        |   101 |    69 ||   170
Dodge: Dodged            |    50 |    39 ||    89
Block: Kite shield       |    90 |    75 ||   165

Table legend: (Time is in decaauts)
 A = Elapsed time spent in this place.
 B = Non-inter-level travel time spent in this place.
 C = Inter-level travel time spent in this place.
 D = Time resting spent in this place.
 E = Time spent auto-exploring this place.
 F = Levels seen in this place.
 G = Mean time per level.
                   A        B        C        D        E       F      G
               +--------+--------+--------+--------+--------+-----+--------+
         Total |   2441 |   2213 |    228 |    365 |   1362 |   3 |  813.7 |
       Dungeon |   2441 |   2213 |    228 |    365 |   1362 |   3 |  813.7 |
               +--------+--------+--------+--------+--------+-----+--------+

Top non-repeatable levels by time:
     D:1: 1196 daAuts
     D:2: 1137 daAuts
     D:3: 107 daAuts
